 Dungeon Crawl Stone Soup version 0.28.0-1-gb440e238dd (webtiles) character file.

Game seed: 7569082407303353832

80 smarlow the Covered (level 4, -3/41 HPs)
             Began as a Minotaur Fighter on Feb 23, 2022.
             Slain by a river rat (6 damage)
             ... in a sewer.
             The game lasted 00:03:35 (1479 turns).

smarlow the Covered (Minotaur Fighter)              Turns: 1479, Time: 00:03:36

Health: -3/41      AC:  8    Str: 23    XL:     4   Next: 18%
Magic:  3/3        EV:  9    Int:  5    God:
Gold:   39         SH:  4    Dex:  9    Spells: 3/3 levels left

rFire   . . .      SeeInvis .   a - +0 war axe
rCold   . . .      Faith    .   c - +0 buckler
rNeg    . . .      Spirit   .   b - +0 scale mail
rPois   .          Reflect  .   (helmet restricted)
rElec   .          Harm     .   h - +0 cloak
rCorr   .          Rampage  .   (no gloves)
Will    .....                   (no boots)
Stlth   ..........              (no amulet)
HPRegen 0.13/turn               (no ring)
MPRegen 0.08/turn               (no ring)

@: no status effects
A: horns 2, retaliatory headbutt
a: no special abilities


You were in a sewer.
You visited 1 branch of the dungeon, and saw 3 of its levels.
You also visited: Sewer.

You collected 39 gold pieces.

Inventory:

Hand Weapons
 a - a +0 war axe (weapon)
Armour
 b - a +0 scale mail (worn)
 c - a +0 buckler (worn)
 h - a +0 cloak (worn)
Scrolls
 f - a scroll of torment
 i - a scroll of enchant armour {unknown}
 j - a scroll of fog {unknown}
 m - a scroll of identify {unknown}
 o - a scroll of holy word {unknown}
Potions
 d - a potion of might
 e - a potion of heal wounds {unknown}
 k - a potion of berserk rage {unknown}
 l - a potion of lignification {unknown}
 n - a potion of flight {unknown}


   Skills:
 + Level 4.3 Fighting
 + Level 3.4 Axes
 + Level 4.4 Armour
 + Level 4.3 Shields


You had 3 spell levels left.
You didn't know any spells.
Your spell library was empty.

Dungeon Overview and Level Annotations

Branches:
Dungeon (3/15)              Sewer (1/1)

Altars:
Trog

Shops:
D:1 *


Innate Abilities, Weirdness & Mutations

You have a pair of horns on your head.
You reflexively headbutt those who attack you in melee.


Message History

You closely miss the river rat. The river rat bites you.
You block the river rat's attack. The rat bites you but does no damage.
You closely miss the river rat.
The river rat is lightly wounded.
You slash the rat!
You kill the rat!
You block the river rat's attack. The river rat bites you.
You closely miss the river rat.
The river rat is lightly wounded.
You hit the rat but do no damage.
The river rat twitches its whiskers.
The river rat bites you. You block the rat's attack.
You slash the river rat!
The river rat is severely wounded.
You hit the rat.
You kill the rat!
The river rat bites you. The river rat barely misses you.
You barely miss the river rat.
The river rat is severely wounded.
The river rat barely misses you. You furiously retaliate!
You headbutt the river rat. You hit the river rat but do no damage.
Your headbutt misses the river rat.
The river rat is almost dead.
The river rat bites you.
You are too injured to fight recklessly!
You closely miss the river rat.
You headbutt the river rat, but do no damage.
The river rat is almost dead.
The river rat bites you!
* * * LOW HITPOINT WARNING * * *
The river rat bites you!
* * * LOW HITPOINT WARNING * * *
You barely miss the river rat.
You headbutt the river rat, but do no damage.
The river rat is almost dead.
The river rat closely misses you.
You closely miss the river rat.
The river rat is almost dead.
The river rat bites you.
You die...

#########
#...∩≈†≈###
#.≈.≈.∩≈≈@r.#
.≈.≈.#####.≈.≈≈#
≈≈.# ###...# ..
#≈≈≈# ≈ ≈.≈# ≈.#
.##


You could see a river rat.

Vanquished Creatures
  4 adders
  A dart slug (D:1)
  5 ball pythons
  3 endoplasms
  A giant cockroach (D:2)
  2 goblins
  4 hobgoblins
  3 quokkas (D:1)
  7 bats
  4 frilled lizards
  3 kobolds
  5 rats
42 creatures vanquished.

Notes
Turn   | Place    | Note
-------+----------+-------------------------------------------
     0 | D:1      | smarlow the Minotaur Fighter began the quest for the Orb.
     0 | D:1      | Reached XP level 1. HP: 19/19 MP: 0/0
   170 | D:1      | Found a faded altar of an unknown god.
   344 | D:1      | Reached XP level 2. HP: 26/27 MP: 1/1
   672 | D:1      | Found Awaoptaq's General Store.
   865 | D:2      | Reached XP level 3. HP: 33/33 MP: 2/2
  1012 | D:2      | Found a bloodstained altar of Trog.
  1443 | D:3      | Reached XP level 4. HP: 26/40 MP: 3/3
  1453 | D:3      | Found a glowing drain.
  1464 | Sewer    | Entered a sewer
  1479 | Sewer    | Slain by a river rat

Illustrated notes

Levels and vault maps discovered:
D:1:      evilmike_arrival_rings, layout_basic,
          hellmonk_ecumenical_altar_run_dry, serial_shops, shop_statue,
          nicolae_figureground_pulse
D:2:      layout_rooms, basic_altar
D:3:      layout_basic, portal_sewer_entry_d, patterned_corridor
Sewer:    sewer_hellmonk_bad_rat

Skill      XL: |  1  2 |
---------------+-------+-----
Armour         | 4 |  4.4
Fighting       | 4 |  4.3
Shields        | 4 |  4.3
Axes           | 3 |  3.4

Action                   |  1- 3 |  4- 6 || total
-------------------------+-------+-------++-------
Melee: War axe           |    63 |    13 ||    76
       Headbutt          |     8 |     2 ||    10
  Use: Scroll            |     2 |       ||     2
Armor: Scale mail        |    42 |     3 ||    45
Dodge: Dodged            |    52 |    10 ||    62
Block: Buckler           |    16 |     5 ||    21
